[Event "Titled Tuesday Blitz August 24 2021"]
[White "Bortnyk, Olexandr"]
[Black "Timmermans, Mark"]
[WhiteFideId "14120828"]
[BlackFideId "1026399"]
[WhiteElo "2723"]
[BlackElo "2460"]
[Result "0-1"]
[Round "07"]
[TimeControl "180+1"]
[Date "2021.08.24"]
[WhiteClock "0:00:02"]
[BlackClock "0:00:48"]

1. d4 Nf6 2. Nc3 c5 3. Nf3 cxd4 4. Nxd4 Nc6 5. e4 d6 6. Bg5 e6 7. Qd2 Be7 8. O-O-O O-O 9. f4 Nxd4 10. Qxd4 Qa5 11. Kb1 h6 12. Bh4 b5 13. e5 dxe5 14. fxe5 Rd8 15. Qf2 Ne4 16. Rxd8+ Qxd8 17. Bxe7 Nxc3+ 18. bxc3 Qxe7 19. Bd3 a6 20. Be4 Bb7 21. Qf3 Bxe4 22. Qxe4 Rc8 23. Rd1 Rxc3 24. Rd6 Rc4 25. Qa8+ Kh7 26. Qxa6 Qh4 27. a3 Qe1+ 0-1


[Site "https://www.chess.com"]

[Event "Titled Tuesday Blitz August 24 2021"]
[White "Castellanos Rodriguez, Renier"]
[Black "Delorme, Alban"]
[WhiteFideId "3404650"]
[BlackFideId "623636"]
[WhiteElo "2612"]
[BlackElo "2197"]
[Result "0-1"]
[Round "07"]
[TimeControl "180+1"]
[Date "2021.08.24"]
[WhiteClock "0:01:29"]
[BlackClock "0:00:23"]

1. c4 c5 2. Nf3 Nf6 3. Nc3 Nc6 4. e3 e6 5. d4 cxd4 6. exd4 d5 7. cxd5 exd5 8. Bb5 Bd6 9. O-O O-O 10. h3 h6 11. Re1 a6 12. Bxc6 bxc6 13. Ne5 Qc7 14. Bf4 Re8 15. Rc1 Nd7 16. Nxd5 Qb7 17. Nxc6 Rxe1+ 18. Qxe1 Bxf4 19. Nxf4 Nf8 20. b3 Ne6 21. Nxe6 Bxe6 22. d5 Bxd5 23. Ne7+ Kh8 24. Nxd5 Qxd5 25. Rd1 Qf5 26. Qe2 a5 27. Rd4 Rc8 28. Rc4 Rd8 29. Kh2 Kh7 30. g3 g6 31. Kg2 Rd6 32. Rf4 Qd7 33. Qf3 Kg7 34. Qc3+ Kh7 35. Qxa5 Qb7+ 36. Rf3 Rd3 0-1


[Site "https://www.chess.com"]

[Event "Titled Tuesday Blitz August 24 2021"]
[White "Chen, Max"]
[Black "Ivanchuk, Vasyl"]
[WhiteFideId "2622440"]
[BlackFideId "14100010"]
[WhiteElo "2455"]
[BlackElo "2710"]
[Result "0-1"]
[Round "07"]
[TimeControl "180+1"]
[Date "2021.08.24"]
[WhiteClock "0:00:21"]
[BlackClock "0:00:54"]

1. e4 Nf6 2. e5 Nd5 3. Nc3 Nxc3 4. dxc3 d6 5. Nf3 Nc6 6. exd6 exd6 7. Be2 Be7 8. O-O O-O 9. Be3 Re8 10. Qd2 Bf6 11. Rfe1 Bg4 12. h3 Bh5 13. Nd4 Bxe2 14. Rxe2 Qd7 15. Rae1 a6 16. Nxc6 Qxc6 17. Bd4 Bxd4 18. Qxd4 h6 19. c4 Rxe2 20. Rxe2 Re8 21. Rxe8+ Qxe8 22. Kf1 b6 23. b3 a5 24. Qd5 Qe7 25. a3 g6 26. b4 axb4 27. axb4 Qf6 28. c5 bxc5 29. bxc5 Qa1+ 30. Ke2 Qa5 31. Qc6 dxc5 32. h4 h5 33. Kd3 Kg7 34. c3 Qa7 35. Kc4 Qa2+ 36. Kd3 Qxf2 37. Qxc7 Qf1+ 38. Ke3 Qxg2 39. Qe5+ Kh7 40. Qf6 Qd5 41. Qb6 Qe6+ 0-1


[Site "https://www.chess.com"]

[Event "Titled Tuesday Blitz August 24 2021"]
[White "Costachi, Mihnea"]
[Black "Svane, Rasmus"]
[WhiteFideId "1217518"]
[BlackFideId "4657101"]
[WhiteElo "2482"]
[BlackElo "2669"]
[Result "0-1"]
[Round "07"]
[TimeControl "180+1"]
[Date "2021.08.24"]
[WhiteClock "0:00:15"]
[BlackClock "0:00:08"]

1. d4 d5 2. c4 e6 3. Nc3 a6 4. cxd5 exd5 5. Qc2 c6 6. Nf3 Bd6 7. Bg5 Ne7 8. e3 f6 9. Bh4 Bf5 10. Bd3 Bxd3 11. Qxd3 O-O 12. O-O Ng6 13. Bg3 Bxg3 14. hxg3 Nd7 15. b4 Nb6 16. Nd2 Qd6 17. Rfb1 Ne7 18. a4 Rfc8 19. b5 cxb5 20. axb5 a5 21. Na4 Nxa4 22. Rxa4 b6 23. e4 dxe4 24. Nxe4 Qd7 25. Nc3 Nd5 26. Nxd5 Qxd5 27. Re1 Rc7 28. Raa1 Rd8 29. Re4 Rcd7 30. Rae1 Qf7 31. Qc3 h6 32. Qc6 Rb8 33. R1e3 Kh7 34. Rc3 a4 35. Ra3 Rc7 36. Qd6 Rc1+ 37. Kh2 Qh5+ 38. Rh4 Qd1 39. g4 Rbc8 40. Qf4 Qg1+ 41. Kg3 R8c3+ 42. Rxc3 Rxc3+ 43. f3 Qb1 44. d5 a3 45. Qf5+ Qxf5 46. gxf5 Rd3 47. Ra4 Rxd5 48. Rxa3 Rxf5 49. Rb3 Kg6 50. f4 Rc5 51. Kg4 h5+ 52. Kh4 Rc4 53. g3 Kh6 54. Kh3 g5 55. fxg5+ fxg5 56. Rd3 Rb4 57. Rd6+ Kg7 58. Rxb6 Rb2 59. g4 Rb3+ 60. Kg2 h4 61. Kh2 Rb2+ 62. Kh3 Rb3+ 63. Kh2 Rb4 64. Kh3 Kf7 65. Rb7+ Kf6 66. Rb6+ Ke5 67. Rg6 Rb3+ 68. Kh2 Kf4 69. b6 Kxg4 70. Rc6 Rb2+ 71. Kg1 h3 72. Rc4+ Kg3 73. Rc3+ Kh4 74. Rc6 g4 75. Kf1 Rb1+ 76. Kf2 g3+ 77. Kf3 g2 78. Rh6+ Kg5 79. Rxh3 g1=Q 80. Rg3+ Qxg3+ 81. Kxg3 Rxb6 0-1


[Site "https://www.chess.com"]

[Event "Titled Tuesday Blitz August 24 2021"]
[White "Cunha, Lucas Aguiar"]
[Black "Leitao, Rafael"]
[WhiteFideId "2125404"]
[BlackFideId "2101246"]
[WhiteElo "2361"]
[BlackElo "2609"]
[Result "1-0"]
[Round "07"]
[TimeControl "180+1"]
[Date "2021.08.24"]
[WhiteClock "0:00:09"]
[BlackClock "0:00:03"]

1. e4 e5 2. Nf3 Nc6 3. Nc3 Nf6 4. Bb5 Bd6 5. d3 h6 6. a3 O-O 7. g4 Be7 8. g5 hxg5 9. Bxg5 Nh7 10. Be3 f5 11. Bc4+ Kh8 12. exf5 Rxf5 13. Rg1 b5 14. Bd5 Bb7 15. Be4 Qf8 16. Nd5 Bd8 17. Nxc7 Bxc7 18. Nh4 Qf6 19. Nxf5 Rg8 20. Qh5 g6 21. Nh6 Ne7 22. Nxg8 Nxg8 23. Qxg6 Qxg6 24. Rxg6 d5 25. Bg2 Ngf6 26. Bg5 Bd8 27. O-O-O Bc8 28. Bh6 Bf5 29. Bg7+ Kg8 30. Rg3 Kf7 31. Re1 e4 32. Bh6 Ng4 33. Rxg4 Bxg4 34. dxe4 d4 35. f4 Kg6 36. Bg5 Nxg5 37. fxg5 Bxg5+ 38. Kb1 Kf6 39. e5+ Ke6 40. Bb7 Bh5 41. Bc8+ Ke7 42. e6 Be3 43. Rf1 Kd6 44. Bd7 a6 45. Rf8 Ke7 46. Ra8 Bg6 47. Rxa6 d3 48. cxd3 Bxd3+ 49. Ka1 b4 50. Ra5 b3 51. Ra8 Bc2 52. Rc8 Bd4 53. a4 Kf6 54. a5 Bd3 55. Rf8+ Ke7 56. Rf3 Be4 57. Rf4 1-0


[Site "https://www.chess.com"]

[Event "Titled Tuesday Blitz August 24 2021"]
[White "Cunjalo, Faris"]
[Black "Espinosa Veloz, Ermes"]
[WhiteFideId "14410710"]
[BlackFideId "3507424"]
[WhiteElo "2234"]
[BlackElo "2333"]
[Result "1-0"]
[Round "07"]
[TimeControl "180+1"]
[Date "2021.08.24"]
[WhiteClock "0:00:33"]
[BlackClock "0:00:01"]

1. c4 e5 2. g3 Nf6 3. Bg2 c6 4. Nf3 e4 5. Nd4 d5 6. cxd5 Qxd5 7. e3 Bc5 8. Nc3 Qe5 9. Nb3 Bb6 10. d4 exd3 11. Qxd3 O-O 12. O-O Rd8 13. Qe2 Bf5 14. Re1 Bd3 15. Qf3 Na6 16. a3 Qe6 17. Nd2 Nc5 18. e4 Qe5 19. Nf1 Nb3 20. Bf4 Qe6 21. Rad1 Bc4 22. Be3 Bxe3 23. Nxe3 Nd4 24. Qf4 Bb3 25. Rc1 Nd7 26. Ne2 Ne5 27. Nxd4 Rxd4 28. Nf5 Rdd8 29. Qg5 g6 30. Rc3 a5 31. Bh3 Kh8 32. Kg2 a4 33. Nh6 Qd6 34. Qxe5+ Qxe5 35. Rxb3 Kg7 36. Ng4 Qd4 37. Rxb7 Qd2 38. Re3 Re8 39. Rf3 Rf8 40. Ne5 Rae8 41. Nxf7 1-0


[Site "https://www.chess.com"]

[Event "Titled Tuesday Blitz August 24 2021"]
[White "Czopor, Maciej"]
[Black "Erdogmus, Yagiz Kaan"]
[WhiteFideId "21805431"]
[BlackFideId "44599790"]
[WhiteElo "1999"]
[BlackElo "1783"]
[Result "0-1"]
[Round "07"]
[TimeControl "180+1"]
[Date "2021.08.24"]
[WhiteClock "0:00:01"]
[BlackClock "0:00:17"]

1. Nf3 c5 2. e3 Nc6 3. b3 Nf6 4. Bb2 g6 5. Bxf6 exf6 6. c4 Bg7 7. Nc3 O-O 8. Be2 f5 9. O-O d6 10. d4 f4 11. Rc1 fxe3 12. fxe3 Re8 13. Nd5 Bg4 14. dxc5 dxc5 15. Ne1 Be6 16. Bf3 Ne5 17. Nd3 Nxd3 18. Qxd3 Bf5 19. Qe2 Rb8 20. Rcd1 Qg5 21. Kh1 b6 22. Qf2 h5 23. h3 Be5 24. Be2 Kg7 25. Bd3 Be6 26. Be4 Qg3 27. Qxg3 Bxg3 28. Bf3 Be5 29. Rd2 a6 30. Rfd1 b5 31. cxb5 axb5 32. a4 c4 33. axb5 cxb3 34. b6 b2 35. Rb1 Bxd5 36. Bxd5 Rxb6 37. e4 Rc8 38. Rdd1 Rc2 39. Rf1 f6 40. Kg1 Ra6 41. Bb3 Rd2 42. Rfd1 Ra1 43. Rxd2 Rxb1+ 44. Bd1 Rc1 0-1


[Site "https://www.chess.com"]

[Event "Titled Tuesday Blitz August 24 2021"]
[White "De Silva, L M S T"]
[Black "Sonis, Francesco"]
[WhiteFideId "9953698"]
[BlackFideId "895733"]
[WhiteElo "1621"]
[BlackElo "2373"]
[Result "1-0"]
[Round "07"]
[TimeControl "180+1"]
[Date "2021.08.24"]
[WhiteClock "0:00:19"]
[BlackClock "0:00:03"]

1. e4 e5 2. Nf3 Nc6 3. Bc4 Bc5 4. d3 Nf6 5. O-O a6 6. a4 Ba7 7. c3 h6 8. b4 d6 9. Qb3 O-O 10. h3 Ne7 11. Be3 c6 12. Bxa7 Rxa7 13. Qc2 Be6 14. Nbd2 Ng6 15. d4 Bxc4 16. Nxc4 exd4 17. Nxd4 Re8 18. Rae1 Qd7 19. f4 b5 20. Nb6 Qb7 21. a5 c5 22. bxc5 dxc5 23. e5 Nd5 24. Nf5 Qc6 25. Nd6 Rf8 26. f5 Nxe5 27. Ndc8 Nxb6 28. Nxa7 Qb7 29. axb6 Nc4 30. Qe4 Qxb6 31. Nc6 Nd2 32. Ne7+ Kh8 33. Qe3 Nxf1 34. Rxf1 Qd8 35. f6 Qd6 36. fxg7+ 1-0


[Site "https://www.chess.com"]

[Event "Titled Tuesday Blitz August 24 2021"]
[White "Demchenko, Anton"]
[Black "Anuj Shrivatri"]
[WhiteFideId "4160258"]
[BlackFideId "35070924"]
[WhiteElo "2583"]
[BlackElo "2038"]
[Result "1-0"]
[Round "07"]
[TimeControl "180+1"]
[Date "2021.08.24"]
[WhiteClock "0:00:21"]
[BlackClock "0:00:04"]

1. e4 d6 2. d4 Nf6 3. Nc3 g6 4. Nf3 Bg7 5. Be3 a6 6. Qd2 O-O 7. Bh6 Nc6 8. h4 Bxh6 9. Qxh6 Ng4 10. Qd2 h5 11. d5 Nce5 12. Be2 c5 13. Ng5 b5 14. f3 b4 15. Nd1 Nf6 16. Ne3 a5 17. O-O-O a4 18. Kb1 Ba6 19. f4 Bxe2 20. Qxe2 Neg4 21. Nc4 Nh7 22. e5 Kg7 23. Ne4 Qd7 24. Rhf1 b3 25. Nb6 bxa2+ 26. Ka1 Qb7 27. Nxa8 Rxa8 28. exd6 exd6 29. Nxd6 Qb4 30. c3 Qb3 31. f5 a3 32. fxg6 fxg6 33. Qe7+ Kg8 34. Qe6+ Kh8 35. Rd2 Nf8 36. Nf7+ Kg7 37. Qe7 Kg8 38. Nd8 axb2+ 39. Rxb2 Qxd5 40. Rxf8# 1-0


[Site "https://www.chess.com"]

[Event "Titled Tuesday Blitz August 24 2021"]
[White "Djordjevic, Vuk"]
[Black "Isajevsky, Anton"]
[WhiteFideId "902098"]
[BlackFideId "4142500"]
[WhiteElo "2463"]
[BlackElo "2510"]
[Result "1-0"]
[Round "07"]
[TimeControl "180+1"]
[Date "2021.08.24"]
[WhiteClock "0:00:16"]
[BlackClock "0:00:01"]

1. d4 d5 2. Bf4 c5 3. e3 Nc6 4. c3 Nf6 5. Nd2 Bf5 6. Ngf3 e6 7. Bb5 Nd7 8. O-O a6 9. Bxc6 bxc6 10. dxc5 Bd3 11. Re1 Bxc5 12. Nb3 Be4 13. Nxc5 Nxc5 14. Qd4 Qe7 15. Qxg7 O-O-O 16. Bg5 Qf8 17. Qxf8 Rdxf8 18. Be7 Rfg8 19. Nh4 Nd7 20. f3 Bg6 21. Rac1 Kb7 22. c4 Bd3 23. cxd5 cxd5 24. Red1 Bb5 25. e4 dxe4 26. fxe4 Rc8 27. Kf2 Nb6 28. b3 Nd7 29. Nf3 Rxc1 30. Rxc1 Re8 31. Bd6 Bc6 32. Ke3 f5 33. e5 Nb6 34. Kf2 Nd5 35. Nd4 Bd7 36. b4 Rc8 37. Rxc8 Kxc8 38. Nb3 Kd8 39. a3 Bc8 40. Nc5 Ke8 41. Nd3 Kf7 42. Ne1 Ke8 43. Nf3 Kd7 44. Ng5 h6 45. Nf7 h5 46. Kg3 Kc6 47. Kh4 Nc3 48. Kxh5 Kd5 49. Kg6 Nb5 50. h4 Nxa3 51. h5 1-0


[Site "https://www.chess.com"]

[Event "Titled Tuesday Blitz August 24 2021"]
[White "Do Nascimento,Christian Almeida"]
[Black "Jarovinsky, Alexey"]
[WhiteFideId "2143801"]
[BlackFideId "14115131"]
[WhiteElo "2083"]
[BlackElo "2446"]
[Result "0-1"]
[Round "07"]
[TimeControl "180+1"]
[Date "2021.08.24"]
[WhiteClock "0:02:00"]
[BlackClock "0:02:49"]

1. d4 Nc6 2. c4 e5 3. d5 Bb4+ 4. Bd2 Bxd2+ 5. Qxd2 Nce7 6. e4 d6 7. Bd3 f5 8. Nc3 Nf6 9. Nge2 O-O 10. O-O f4 11. f3 g5 12. h3 h5 13. b4 Ng6 14. c5 g4 15. fxg4 hxg4 16. hxg4 Nxg4 17. Rf3 Qh4 18. Rh3 Qf2+ 19. Kh1 f3 20. Qg5 fxg2# 0-1


[Site "https://www.chess.com"]

[Event "Titled Tuesday Blitz August 24 2021"]
[White "Dobrowolski, Piotr"]
[Black "Ovezdurdyyeva, Jemal"]
[WhiteFideId "1106236"]
[BlackFideId "14001888"]
[WhiteElo "2296"]
[BlackElo "1946"]
[Result "1-0"]
[Round "07"]
[TimeControl "180+1"]
[Date "2021.08.24"]
[WhiteClock "0:00:25"]
[BlackClock "0:00:15"]

1. e4 d6 2. d4 Nf6 3. Nc3 g6 4. f4 Bg7 5. Bd3 O-O 6. e5 dxe5 7. dxe5 Nd5 8. Nxd5 Qxd5 9. Nf3 Nc6 10. Qe2 Bg4 11. Be4 Qa5+ 12. Bd2 Qb6 13. O-O-O Nd4 14. Qe3 Rad8 15. Kb1 f5 16. exf6 Bxf6 17. Bc3 Nxf3 18. Qxb6 Rxd1+ 19. Rxd1 axb6 20. gxf3 Bc8 21. Be5 Bxe5 22. fxe5 Kf7 23. h4 Ke6 24. h5 Kxe5 25. hxg6 hxg6 26. Rg1 Bf5 27. Bxb7 Kf4 28. a4 Rd8 29. Kc1 Rd6 30. b4 Rd4 31. c3 Rd5 32. Bxd5 1-0


[Site "https://www.chess.com"]

[Event "Titled Tuesday Blitz August 24 2021"]
[White "Eynullayev, Altay"]
[Black "Kovalchuk94"]
[WhiteFideId "13413562"]
[WhiteElo "2079"]
[BlackElo "2614"]
[Result "0-1"]
[Round "07"]
[TimeControl "180+1"]
[Date "2021.08.24"]
[WhiteClock "0:00:01"]
[BlackClock "0:00:31"]

1. e4 e5 2. Nf3 Nf6 3. Nxe5 d6 4. Nf3 Nxe4 5. Qe2 Qe7 6. d3 Nf6 7. Bg5 Qxe2+ 8. Bxe2 Be7 9. Nc3 c6 10. O-O-O Na6 11. Rde1 Nc7 12. Nd4 Ne6 13. Nf5 Nxg5 14. Nxe7 Kxe7 15. f4 Ne6 16. f5 Nc7 17. g4 h6 18. h4 Bd7 19. g5 Nfe8 20. Bg4+ Kf8 21. Rhg1 hxg5 22. hxg5 d5 23. Ne2 Nd6 24. Nd4 c5 25. Ne6+ fxe6 26. fxe6 Bc6 27. e7+ Ke8 28. Rgf1 d4 29. Re5 Nd5 30. Rfe1 Ne3 31. Be6 Kxe7 32. Bf5+ Kd8 33. Bg6 0-1


[Site "https://www.chess.com"]

[Event "Titled Tuesday Blitz August 24 2021"]
[White "FGHSMN"]
[Black "Bok, Benjamin"]
[BlackFideId "1017063"]
[WhiteElo "2709"]
[BlackElo "2658"]
[Result "0-1"]
[Round "07"]
[TimeControl "180+1"]
[Date "2021.08.24"]
[WhiteClock "0:00:02"]
[BlackClock "0:00:18"]

1. e4 c5 2. Nf3 d6 3. d4 cxd4 4. Nxd4 Nf6 5. Nc3 a6 6. a3 Nc6 7. f3 e6 8. Be3 Be7 9. Qd2 Qc7 10. g4 b5 11. g5 Nd7 12. h4 Nce5 13. h5 Nb6 14. O-O-O Bb7 15. Ndxb5 axb5 16. Bxb5+ Bc6 17. g6 Nbc4 18. Qd4 Bxb5 19. Nxb5 Qb7 20. h6 gxh6 21. gxf7+ Kxf7 22. f4 Qxb5 23. fxe5 dxe5 24. Qc3 Bxa3 25. Rhf1+ Ke8 26. bxa3 Rxa3 27. Bg5 hxg5 28. Qxc4 Qxc4 29. Kb2 Ra2+ 30. Kb1 Qxc2# 0-1


[Site "https://www.chess.com"]

[Event "Titled Tuesday Blitz August 24 2021"]
[White "Fedoseev, Vladimir"]
[Black "Jobava, Baadur"]
[WhiteFideId "24130737"]
[BlackFideId "13601520"]
[WhiteElo "2756"]
[BlackElo "2748"]
[Result "1/2-1/2"]
[Round "07"]
[TimeControl "180+1"]
[Date "2021.08.24"]
[WhiteClock "0:00:43"]
[BlackClock "0:00:55"]

1. b3 c6 2. Bb2 d5 3. Nf3 Nf6 4. e3 Bg4 5. Be2 e6 6. h3 Bxf3 7. Bxf3 Nbd7 8. c4 g6 9. O-O Bg7 10. Qc2 O-O 11. Nc3 Re8 12. Rad1 Rc8 13. g3 a6 14. Bg2 h5 15. Ne2 Nh7 16. Bxg7 Kxg7 17. d3 Nhf6 18. b4 e5 19. a4 a5 20. Rb1 axb4 21. Rxb4 b6 22. Rc1 d4 23. exd4 exd4 24. Rcb1 Qe7 25. R4b2 Qd6 26. Qd2 Ra8 27. Qf4 Qxf4 28. gxf4 Rxa4 29. Bxc6 Ra3 30. Rd2 Rd8 31. Bxd7 Nxd7 32. Nxd4 Nc5 33. Nc2 Raxd3 34. Rxd3 Rxd3 35. Ne3 Rb3 36. Rxb3 Nxb3 37. Nd5 Nd4 38. Nxb6 Ne2+ 39. Kg2 Nxf4+ 40. Kg3 Ne6 41. Nd5 g5 42. h4 f6 43. f4 gxh4+ 44. Kxh4 Kg6 45. Ne7+ Kf7 46. Nd5 Kg6 47. Ne7+ Kf7 48. Nd5 Kg6 1/2-1/2


[Site "https://www.chess.com"]

[Event "Titled Tuesday Blitz August 24 2021"]
[White "Firat, Burak"]
[Black "Rodchenkov, Vitaly"]
[WhiteFideId "6305881"]
[BlackFideId "4152964"]
[WhiteElo "2531"]
[BlackElo "2337"]
[Result "1-0"]
[Round "07"]
[TimeControl "180+1"]
[Date "2021.08.24"]
[WhiteClock "0:00:14"]
[BlackClock "0:00:19"]

1. e4 c5 2. Nf3 d6 3. d4 cxd4 4. Nxd4 Nf6 5. Nc3 a6 6. Bg5 Nbd7 7. Bc4 e6 8. Qe2 b5 9. Bb3 Qc7 10. O-O-O Nc5 11. Rhe1 Nxb3+ 12. axb3 Be7 13. f4 Bb7 14. e5 dxe5 15. fxe5 Nd5 16. Bxe7 Qxe7 17. Nxd5 Bxd5 18. Qg4 O-O 19. Rd3 Rac8 20. Rg3 f5 21. exf6 Qxf6 22. Rge3 Rf7 23. Nxe6 Qf2 24. Nd4 Rcf8 25. R3e2 Qf6 26. b4 h6 27. h3 Qd6 28. Ne6 Re8 29. Nxg7 Rxe2 30. Nf5+ Kh7 31. Rxe2 Qf6 32. Ne3 Be6 33. Qe4+ Kh8 34. c3 Bb3 35. Qd4 Qxd4 36. cxd4 Rf4 37. Kd2 Kg7 38. Kc3 Bf7 39. Re1 Rf2 40. Ra1 Re2 41. Nf5+ Kf6 42. g4 h5 43. Rxa6+ Kg5 44. h4+ Kxg4 45. Nh6+ Kxh4 46. Nxf7 Kg4 47. Rg6+ Kf5 48. Rg5+ Kf6 49. Rxh5 Kxf7 50. Rxb5 Ke6 51. Re5+ Rxe5 52. dxe5 Kxe5 53. Kc4 Kd6 54. Kb5 Kc7 55. Ka6 Kb8 56. b5 Ka8 57. b6 Kb8 58. b7 Kc7 59. Ka7 1-0


[Site "https://www.chess.com"]

[Event "Titled Tuesday Blitz August 24 2021"]
[White "Florescu, Codrut-Constantin"]
[Black "Obolentseva, Alexandra"]
[WhiteFideId "1202200"]
[BlackFideId "24153648"]
[WhiteElo "2243"]
[BlackElo "2113"]
[Result "1/2-1/2"]
[Round "07"]
[TimeControl "180+1"]
[Date "2021.08.24"]
[WhiteClock "0:00:24"]
[BlackClock "0:00:26"]

1. d4 Nf6 2. c4 g6 3. Nc3 Bg7 4. e4 O-O 5. f3 d6 6. Bg5 c5 7. d5 h6 8. Be3 Kh7 9. Qd2 e6 10. Nge2 exd5 11. cxd5 Re8 12. Nc1 a6 13. Be2 b5 14. Nd3 b4 15. Nd1 a5 16. O-O Nbd7 17. N1f2 Ba6 18. Rfc1 Nb6 19. Nf4 Bxe2 20. Nxe2 Qe7 21. Rab1 Nfxd5 22. Rd1 Nxe3 23. Qxe3 d5 24. Qd2 Rad8 25. Qc2 d4 26. b3 a4 27. Nd3 axb3 28. axb3 Rc8 29. Ng3 c4 30. bxc4 Nxc4 31. Qa4 Ne3 32. Rd2 Ra8 33. Qxb4 Qxb4 34. Nxb4 h5 35. Ne2 Reb8 36. Nxd4 Bxd4 37. Rxd4 Nc2 38. Rd7 Rxb4 39. Rxb4 Nxb4 40. Rxf7+ Kh6 41. h4 Nd3 42. Kh2 Ra2 43. Kh3 Nf2+ 44. Kg3 Nd3 45. Kh3 Nf2+ 46. Kg3 Nd3 47. Kh3 1/2-1/2


[Site "https://www.chess.com"]

[Event "Titled Tuesday Blitz August 24 2021"]
[White "Gelman, Alexander"]
[Black "Dmitrenko, Viktor"]
[WhiteFideId "4118316"]
[BlackFideId "14110270"]
[WhiteElo "2375"]
[BlackElo "2338"]
[Result "1-0"]
[Round "07"]
[TimeControl "180+1"]
[Date "2021.08.24"]
[WhiteClock "0:00:39"]
[BlackClock "0:00:56"]

1. d4 e6 2. Nc3 d5 3. Bf4 a6 4. e4 Nf6 5. e5 Nfd7 6. Nce2 c5 7. c3 Nc6 8. a3 a5 9. Nf3 a4 10. h4 h6 11. h5 b6 12. Ng3 Qc7 13. Bd3 Be7 14. O-O Ba6 15. Bxa6 Rxa6 16. Qd3 Qb7 17. Rfe1 Na5 18. Rad1 Nc4 19. Re2 b5 20. Nh2 b4 21. cxb4 cxb4 22. Bc1 bxa3 23. bxa3 Rb6 24. Qf3 Rb1 25. Qg4 Bxa3 26. Qxg7 Rf8 27. Qxh6 Bxc1 28. Rxc1 a3 29. Ng4 Rg8 30. Nf6+ Nxf6 31. exf6 Qb6 32. Nf5 Kd7 33. Ne7 Rb8 34. Ree1 Qxd4 35. Rxb1 Rxb1 36. Rxb1 a2 37. Rb7+ 1-0


[Site "https://www.chess.com"]

[Event "Titled Tuesday Blitz August 24 2021"]
[White "Golubev, Mikhail"]
[Black "Korchmar, Vasiliy"]
[WhiteFideId "14100983"]
[BlackFideId "24131750"]
[WhiteElo "2374"]
[BlackElo "2370"]
[Result "0-1"]
[Round "07"]
[TimeControl "180+1"]
[Date "2021.08.24"]
[WhiteClock "0:00:01"]
[BlackClock "0:00:11"]

1. e4 c5 2. Nf3 d6 3. d4 cxd4 4. Nxd4 Nf6 5. Nc3 Nc6 6. Bc4 e6 7. Be3 a6 8. Bb3 Qc7 9. Qe2 Na5 10. g4 b5 11. g5 b4 12. Nd5 Nxd5 13. exd5 Nxb3 14. axb3 e5 15. Nc6 Bd7 16. Nxb4 a5 17. Nd3 g6 18. f4 Bg7 19. fxe5 dxe5 20. Bc5 Bf5 21. d6 Qc6 22. Kd2 O-O 23. Ba3 e4 24. Nf4 Be5 25. Qe3 Rac8 26. c3 Bxd6 27. Bxd6 Qxd6+ 28. Ke2 f6 29. gxf6 Bg4+ 30. Kf2 Rxf6 31. Kg3 Bf3 32. Rhd1 Bxd1 33. h4 Rcf8 34. Rxa5 Rxf4 0-1


[Site "https://www.chess.com"]

[Event "Titled Tuesday Blitz August 24 2021"]
[White "Gontcharov, Vladislav"]
[Black "Pavlov, Danila"]
[WhiteFideId "4123492"]
[BlackFideId "34126594"]
[WhiteElo "2503"]
[BlackElo "2323"]
[Result "0-1"]
[Round "07"]
[TimeControl "180+1"]
[Date "2021.08.24"]
[WhiteClock "0:00:12"]
[BlackClock "0:00:28"]

1. e4 e6 2. d4 d5 3. Nd2 Nc6 4. Ngf3 Nf6 5. e5 Nd7 6. Be2 f6 7. exf6 Qxf6 8. Nf1 Bd6 9. Ne3 O-O 10. O-O Nb6 11. c3 Bd7 12. h3 Rae8 13. Ng4 Qd8 14. b3 e5 15. Ngxe5 Nxe5 16. dxe5 Bxe5 17. Nxe5 Rxe5 18. Be3 c6 19. a4 Qh4 20. Bg4 Bxg4 21. Qxg4 Qxg4 22. hxg4 Re4 23. g5 Nc8 24. Rfe1 Rfe8 25. Kf1 a6 26. Rad1 Nd6 27. c4 R8e5 28. cxd5 cxd5 29. Bf4 Rxe1+ 30. Rxe1 Rxe1+ 31. Kxe1 Ne4 32. f3 Nc5 33. Kd2 Nxb3+ 34. Kc3 Nc5 35. Be3 Nxa4+ 36. Kb4 b5 37. Bd4 Kf7 38. g4 g6 39. Ka5 Ke6 40. Kxa6 b4 41. Kb5 Nc3+ 42. Kxb4 Ne2 43. Bf2 Ke5 44. Be3 d4 45. Bd2 Ng1 46. Kc4 Nxf3 47. Bc1 Ke4 48. Kc5 d3 0-1


[Site "https://www.chess.com"]

[Event "Titled Tuesday Blitz August 24 2021"]
[White "Goryachkina, Aleksandra"]
[Black "Damjanovic, Vladimir"]
[WhiteFideId "4147103"]
[BlackFideId "903795"]
[WhiteElo "2441"]
[BlackElo "2374"]
[Result "1-0"]
[Round "07"]
[TimeControl "180+1"]
[Date "2021.08.24"]
[WhiteClock "0:00:12"]
[BlackClock "0:00:01"]

1. e4 c5 2. Nf3 d6 3. Bb5+ Nd7 4. Ba4 a6 5. c4 e5 6. O-O Nf6 7. Nc3 Be7 8. d3 O-O 9. a3 b6 10. Rb1 Bb7 11. b4 Qc7 12. Bd2 Bc6 13. Bxc6 Qxc6 14. Bg5 h6 15. Bxf6 Nxf6 16. bxc5 Qxc5 17. Qb3 Rab8 18. Nd5 Nxd5 19. cxd5 Rfc8 20. Qa4 b5 21. Qxa6 Rc7 22. Qa5 Ra7 23. Qb4 Rxa3 24. Qxc5 dxc5 25. Nxe5 Bd6 26. Nc6 Rb6 27. e5 Bf8 28. Ra1 b4 29. Rfd1 g6 30. Kf1 Rxa1 31. Rxa1 b3 32. Rb1 b2 33. Ke2 h5 34. f4 h4 35. g3 h3 36. Kd2 Kg7 37. Kc2 c4 38. dxc4 Bc5 39. Rxb2 Ra6 40. Nb8 Ra8 41. d6 Ba7 42. d7 1-0


[Site "https://www.chess.com"]

[Event "Titled Tuesday Blitz August 24 2021"]
[White "Grachev, Boris"]
[Black "Tokman, Ariel"]
[WhiteFideId "4129199"]
[BlackFideId "117420"]
[WhiteElo "2580"]
[BlackElo "2345"]
[Result "0-1"]
[Round "07"]
[TimeControl "180+1"]
[Date "2021.08.24"]
[WhiteClock "0:00:03"]
[BlackClock "0:00:07"]

1. d4 Nf6 2. Bf4 d5 3. e3 e6 4. Nd2 Bd6 5. Ngf3 O-O 6. Bd3 Bxf4 7. exf4 b6 8. Qe2 a5 9. O-O Ba6 10. c3 c5 11. Bxa6 Nxa6 12. Rfe1 Qd6 13. g3 Rfc8 14. Rad1 Nb8 15. Ne5 cxd4 16. cxd4 Nc6 17. Ndf3 Ne7 18. Ng5 Rf8 19. Rc1 h6 20. Ngf3 Rfc8 21. Qb5 Qb4 22. a4 Nf5 23. Nc6 Qxb5 24. axb5 Kf8 25. Nfe5 Nd6 26. g4 g5 27. fxg5 hxg5 28. h4 Kg7 29. hxg5 Nfe4 30. Nd7 Nxg5 31. Kg2 Rc7 32. Nxb6 Rh8 33. Ne5 Rxc1 34. Rxc1 Nxb5 35. f4 Ne4 36. g5 Nxd4 37. Rc7 Rf8 38. Nbd7 Rd8 39. Nf6 Nxf6 40. Rxf7+ Kg8 41. Rxf6 Rb8 42. g6 Rxb2+ 43. Kh3 Rb7 44. Kg4 Kg7 45. Rf7+ Rxf7 46. gxf7 a4 47. Nd3 a3 48. Nb4 Kxf7 49. Na2 Kf6 50. Kg3 Kf5 51. Nc3 Nc2 52. Na2 Ke4 53. Nc3+ Kd3 54. Na2 Kc4 55. Kg4 Nb4 56. Nc1 Kc3 57. Kg5 Kc2 58. Ne2 a2 59. Nd4+ Kc3 60. Ne2+ Kd2 61. Nd4 Kd3 62. Nb3 Kc3 0-1


[Site "https://www.chess.com"]

[Event "Titled Tuesday Blitz August 24 2021"]
[White "Grafil, Franz Robert"]
[Black "Wieczorek, Oskar"]
[WhiteFideId "5205298"]
[BlackFideId "1133950"]
[WhiteElo "2211"]
[BlackElo "2258"]
[Result "1/2-1/2"]
[Round "07"]
[TimeControl "180+1"]
[Date "2021.08.24"]
[WhiteClock "0:00:08"]
[BlackClock "0:00:03"]

1. d4 Nf6 2. c4 c5 3. d5 b5 4. cxb5 a6 5. b6 e6 6. Nc3 Nxd5 7. Nxd5 exd5 8. Qxd5 Nc6 9. Nf3 Rb8 10. e4 Be7 11. Bc4 O-O 12. O-O Rxb6 13. b3 Bb7 14. Qh5 Nd4 15. Nxd4 cxd4 16. Bd5 Qa8 17. Bb2 Bxd5 18. Qxd5 Qxd5 19. exd5 Rb5 20. Bxd4 Rxd5 21. Be3 Rc8 22. Rac1 Rxc1 23. Rxc1 f6 24. Kf1 Kf7 25. Ke2 Ke6 26. Rc4 a5 27. Re4+ Re5 28. Kd3 g6 29. Rc4 Rd5+ 30. Rd4 Rb5 31. Rc4 f5 32. Rc7 h5 33. Ra7 Rd5+ 34. Ke2 Bb4 35. Ra6+ d6 36. Rb6 Re5 37. Kd3 Rd5+ 38. Ke2 Re5 39. Kd3 Rd5+ 40. Ke2 1/2-1/2


[Site "https://www.chess.com"]